 Dungeon Crawl Stone Soup version 0.30-a0-737-gf23d94013f (webtiles) character file.

Game seed: 11179270470982952357

66429 Pooter the Severer (level 14, -3/198 HPs)
             Began as a Minotaur Berserker on Feb 2, 2023.
             Was an Elder of Trog.
             Slain by a komodo dragon simulacrum (9 damage)
             ... on level 4 of the Lair of Beasts.
             The game lasted 01:53:46 (20006 turns).

Pooter the Severer (Minotaur Berserker)            Turns: 20006, Time: 01:53:46

Health: -3/198     AC: 21    Str: 25    XL:     14   Next: 79%
Magic:  13/13      EV:  7    Int:  4    God:    Trog [****..]
Gold:   120        SH:  5    Dex: 12    Spells: 13/13 levels left

rFire   . . .      SeeInvis .    a - +8 scythe (flame)
rCold   + . .      Faith    .    (shield currently unavailable)
rNeg    . . .      Spirit   .    x - +3 plate armour
rPois   .          Reflect  +    P - +2 hat
rElec   +          Harm     .    H - scarf {repulsion}
rCorr   .          Rampage  .    C - +0 pair of gloves
Will    +++..                    (no boots) Stlth
                                 A - amulet "Piaryw Suus" {Reflect rElec SH+5}
HPRegen 1.53/turn                z - +4 ring of protection
MPRegen 0.13/turn                I - ring of protection from cold

@: berserking, about to teleport, strong-willed (expiring), regenerating
(expiring), studying Axes, repel missiles, very quick
A: horns 2, retaliatory headbutt
a: Renounce Religion, Berserk, Trog's Hand, Brothers in Arms


You were on level 4 of the Lair of Beasts.
You worshipped Trog.
Trog was greatly pleased with you.
You visited 3 branches of the dungeon, and saw 16 of its levels.
You also visited: Bailey.

You collected 1718 gold pieces.
You spent 1598 gold pieces at shops.

Inventory:

Hand Weapons
 a - a +8 scythe of flaming (weapon)
   (You took it off Sigmund on level 2 of the Dungeon)
 b - a +0 arbalest
   (You took it off an orc warrior on level 1 of the Orcish Mines)
 e - a +4 sling of flaming
   (You bought it in a shop on level 2 of the Orcish Mines)
 h - a +4 long sword of holy wrath
   (You took it off a spriggan in a bailey)
 o - a +0 battleaxe
   (You took it off an orc warrior on level 2 of the Orcish Mines)
 E - a +0 trident of venom
   (You took it off a gnoll sergeant on level 8 of the Dungeon)
 R - a +0 broad axe of venom
   (You bought it in a shop on level 2 of the Orcish Mines)
 V - a +1 demon whip of venom
   (You took it off Amaemon on level 3 of the Lair of Beasts)
Missiles
 g - 7 throwing nets {!f}
 k - 5 silver javelins
 n - 9 curare-tipped darts
 q - 3 boomerangs of dispersal {!f}
 y - 16 boomerangs (quivered)
 B - 2 silver boomerangs
 J - 9 poisoned darts
 Q - 170 stones
 U - 5 javelins
Armour
 x - a +3 plate armour (worn)
   (You found it on level 3 of the Dungeon)
 C - a +0 pair of gloves (worn)
   (You found it on level 8 of the Dungeon)
 G - a +2 cloak of preservation
   (You bought it in a shop on level 6 of the Dungeon)
 H - a scarf of repulsion (worn)
   (You bought it in a shop on level 2 of the Orcish Mines)
 K - the +2 kite shield of Demons {Rampage rN++ Str+4}
   (You acquired it on level 7 of the Dungeon)

   Str:       It affects your strength (+4).
   rN:        It greatly protects you from negative energy.
   Rampage:   It bestows one free step when moving towards enemies.
 N - the +1 tower shield "Eruexiskai" {*Corrode Fly rN+++ Stlth+}
   (You bought it in a shop on level 2 of the Orcish Mines)

   rN:        It renders you almost immune to negative energy.
   Fly:       It grants you flight.
   *Corrode:  It may corrode you when you take damage.
   Stlth:     It makes you more stealthy.
 P - a +2 hat (worn)
   (You found it on level 10 of the Dungeon)
 W - the +2 hat of the Iron Devil {Harm +Inv rC- Str-3}
   (You found it on level 3 of the Lair of Beasts)

   Str:       It affects your strength (-3).
   rC:        It makes you vulnerable to cold.
   +Inv:      It lets you turn invisible.
   Harm:      It increases damage dealt and taken.
Jewellery
 z - a +4 ring of protection (left hand)
   (You found it on level 5 of the Dungeon)
 A - the amulet "Piaryw Suus" (around neck) {Reflect rElec SH+5}
   (You acquired it on level 7 of the Dungeon)

   [amulet of reflection]

   It reflects blocked missile attacks.
   rElec:     It insulates you from electricity.
   SH:        It affects your SH (+5).
 F - a ring of protection from fire
   (You found it on level 3 of the Lair of Beasts)
 I - a ring of protection from cold (right hand)
   (You found it on level 6 of the Dungeon)
Wands
 d - a wand of iceblast (11)
   (You took it off a goblin on level 4 of the Dungeon)
 f - a wand of flame (10)
   (You took it off Maurice on level 9 of the Dungeon)
 r - a wand of light (18)
   (You took it off a kobold on level 4 of the Dungeon)
 s - a wand of mindburst (13)
   (You took it off Ijyb on level 3 of the Dungeon)
 u - a wand of paralysis (24)
   (You found it on level 8 of the Dungeon)
 D - a wand of digging (3)
   (You found it on level 1 of the Lair of Beasts)
 S - a wand of polymorph (11)
   (You found it on level 8 of the Dungeon)
Scrolls
 l - 3 scrolls of vulnerability {!r}
 t - 3 scrolls of teleportation {@r4}
 L - a scroll of fog
 T - 4 scrolls of magic mapping
 X - a scroll of summoning
Potions
 c - 5 potions of attraction {!q}
 j - a potion of cancellation
 m - a potion of flight
 p - 4 potions of mutation {!q}
 v - 9 potions of lignification {!q}
 w - 4 potions of curing {@q1}
 M - a potion of heal wounds {@q2}
Miscellaneous
 O - a box of beasts
   (You found it on level 10 of the Dungeon)


   Skills:
 + Level 14.0 Fighting
 + Level 16.9(18.9) Axes
 - Level 14.4(17.7) Polearms
 * Level 10.7 Ranged Weapons
 + Level 4.9 Throwing
 + Level 4.0 Armour
 - Level 2.1 Dodging
 - Level 2.2 Stealth
 - Level 7.7 Shields
 + Level 9.1 Evocations


You had 13 spell levels left.
You didn't know any spells.
Your spell library was empty.

Dungeon Overview and Level Annotations

Branches:
Dungeon (10/15)            Temple (0/1) D:7            Lair (4/5) D:8
 Shoals (0/4) Lair:2        Snake (0/4) Lair:3          Orc (2/2) D:10
    Elf (0/3) Orc:2        Bailey (visited)
  Slime: Lair:4-5

Altars:
Ashenzari
Elyvilon
Gozag
Nemelex Xobeh
Okawaru
Ru
Uskayaw
Xom
The Shining One

Shops:
D:6 [   Orc:2 [(*[

Annotations:
Lair:4 drewk1942's ghost, journeyman OgGl


Innate Abilities, Weirdness & Mutations

You have a pair of horns on your head.
You reflexively headbutt those who attack you in melee.


Message History

You headbutt the rime drake. The rime drake breathes ice at you.
The icy flash freeze reflects off an invisible shield around you!
The icy flash freeze hits the rime drake!
The rime drake partially resists.
You kill the rime drake!
Trog accepts your kill.
You impale the rime drake!! You burn the rime drake.
You kill the rime drake!
Trog accepts your kill. The rime drake bites you.
You closely miss the rime drake.
You feel the effects of Trog's Hand fading.
You block the rime drake's attack.
You closely miss the rime drake. You block the rime drake's attack.
The death yak simulacrum gores you but does no damage.
You slice the rime drake!! You burn the rime drake!
You kill the rime drake!
Trog accepts your kill.
The komodo dragon simulacrum bites you!!
The komodo dragon simulacrum freezes you!
You resist.
Your Armour skill increases to level 4!
You hit the death yak simulacrum.
You melt the death yak simulacrum.
You headbutt the death yak simulacrum! The death yak simulacrum gores you.
The death yak simulacrum freezes you! You resist.
* * * LOW HITPOINT WARNING * * *
The komodo dragon simulacrum bites you.
* * * LOW HITPOINT WARNING * * *
The komodo dragon simulacrum freezes you!
You resist.
* * * LOW HITPOINT WARNING * * *
Unknown command.
As you read the scroll of teleportation {@r4}, it crumbles to dust.
You feel strangely unstable. The death yak simulacrum gores you!
* * * LOW HITPOINT WARNING * * *
The death yak simulacrum freezes you! You resist.
* * * LOW HITPOINT WARNING * * *
A red film seems to cover your vision as you go berserk!
You feel yourself moving faster!
You feel mighty!
The boulder beetle simulacrum bites you!
* * * LOW HITPOINT WARNING * * *
The boulder beetle simulacrum freezes you!
You resist.
* * * LOW HITPOINT WARNING * * *
The komodo dragon simulacrum bites you!
* * * LOW HITPOINT WARNING * * *
The komodo dragon simulacrum freezes you!
You resist.
You die...

##.......#..#...=.. #..#.##.....#
##..P...#..##.[..$ #..#.##......
####.P.#...###??##..##.P###.###
#....##....####...#..###..#
##....#.........W##..P##..#
#P.#.##.........#...##..## #
#######+#..##.......##.#.#.#'####
#...#.......###ZZZ###........^...
#.#.#.....+.....@................
..#.....#..#.'.#.................
.#....##..###...>..P...+.P......>
....#......#.#.....#...##........
........#.###....#...#..##.......
....#...#..###.##...##.######.#.P
..#..#.#.### ########### #####
####.##### ###


You could see drewk1942's ghost, a komodo dragon simulacrum, a death yak
simulacrum and a boulder beetle simulacrum.

Vanquished Creatures
  Jorgrun (Orc:1)
  An ettin (Orc:1)
  A hydra (Lair:4)
  Erica (D:10)
  Harold (D:9)
  2 catoblepae
  3 two-headed ogres
  5 boulder beetles
  Urug (Lair:1)
  Sonja (Lair:1)
  Amaemon (Lair:3)
  A lindwurm (Lair:3)
  7 orc knights
  2 wolf spiders (Lair:3)
  2 cyclopes
  An orc sorcerer (Orc:2)
  10 elephants
  3 black mambas
  2 merfolk sirens (Lair:2)
  Maurice (D:9)
  4 cane toads
  An orange demon (Lair:3)
  A torpor snail (Lair:4)
  A kobold demonologist (D:9)
  Psyche (D:10)
  5 rime drakes
  7 komodo dragons
  2 polar bears (Lair:2)
  2 trolls (Orc:2)
  8 hornets
  Prince Ribbit (D:7)
  4 dream sheep (Lair:4)
  4 spriggans (Bailey)
  A jumping spider (Lair:3)
  Sigmund (D:2)
  A vampire (D:9)
  A wraith (D:10)
  4 wyverns
  19 yaks
  Grum (D:10)
  A basilisk (Lair:2)
  A steam dragon (D:6)
  Menkaure (D:6)
  12 wargs
  2 nagas (Lair:3)
  4 water moccasins
  Edmund (D:4)
  An acid dragon (Bailey)
  Duvessa (D:7)
  38 orc warriors
  3 black bears
  2 ice beasts
  12 ogres
  3 wolves
  A centaur (D:7)
  3 phantoms
  4 kobold brigands
  3 necrophages
  8 bullfrogs
  2 scorpions
  3 gnoll sergeants
  9 wights
  Dowan (D:7)
  10 killer bees
  8 howler monkeys
  An electric eel (Lair:2)
  2 lava snakes (Lair:3)
  13 orc priests
  A gnoll bouda (D:6)
  4 hounds
  7 iguanas
  17 orc wizards
  Ijyb (D:3)
  22 gnolls
  12 adders
  A shadow imp (D:6)
  4 white imps
  2 worms
  6 dart slugs
  76 orcs
  7 ball pythons
  7 endoplasms
  5 giant cockroaches
  11 goblins
  5 hobgoblins
  6 jackals
  28 kobolds
  4 quokkas
  2 bats
  5 frilled lizards
  6 rats
505 creatures vanquished.

Vanquished Creatures (collateral kills)
  2 orcs (D:10)
2 creatures vanquished.

Vanquished Creatures (others)
  20 fungi
  18 plants
38 creatures vanquished.

Grand Total: 545 creatures vanquished

Notes
Turn   | Place    | Note
-------+----------+-------------------------------------------
     0 | D:1      | Pooter the Minotaur Berserker began the quest for the Orb.
     0 | D:1      | Reached XP level 1. HP: 19/19 MP: 0/0
   301 | D:1      | Reached skill level 4 in Axes
   343 | D:1      | Reached XP level 2. HP: 27/27 MP: 1/1
   727 | D:2      | Reached skill level 1 in Stealth
   727 | D:2      | Reached XP level 3. HP: 31/33 MP: 2/2
   993 | D:2      | Reached ** piety under Trog
  1246 | D:2      | Noticed Sigmund
  1253 | D:2      | Killed Sigmund
  1254 | D:2      | Reached skill level 5 in Fighting
  1254 | D:2      | Reached skill level 6 in Axes
  1254 | D:2      | Reached XP level 4. HP: 42/42 MP: 3/3
  1254 | D:2      | Reached XP level 5. HP: 48/48 MP: 4/4
  1635 | D:3      | Reached skill level 1 in Polearms
  1657 | D:3      | Noticed Ijyb
  1670 | D:3      | Killed Ijyb
  1780 | D:3      | Reached XP level 6. HP: 56/56 MP: 5/5
  2387 | D:4      | Reached XP level 7. HP: 57/63 MP: 6/6
  2428 | D:4      | Reached skill level 5 in Polearms
  2698 | D:4      | Noticed Edmund
  2709 | D:4      | Killed Edmund
  2978 | D:5      | Entered Level 5 of the Dungeon
  3080 | D:5      | Reached XP level 8. HP: 73/73 MP: 7/7
  3544 | D:5      | Found an iron altar of Okawaru.
  3840 | D:6      | Reached *** piety under Trog
  3843 | D:6      | Reached XP level 9. HP: 82/82 MP: 8/8
  3887 | D:6      | Reached skill level 10 in Polearms
  3887 | D:6      | Reached skill level 1 in Evocations
  3963 | D:6      | Found a sacrificial altar of Ru.
  3963 | D:6      | Found a shimmering altar of Xom.
  3963 | D:6      | Found a broken altar of Ashenzari.
  3965 | D:6      | Found a glowing golden altar of the Shining One.
  3966 | D:6      | Found an opulent altar of Gozag.
  4006 | D:6      | Found Ipyecil's Armour Emporium.
  4031 | D:6      | Noticed Menkaure
  4037 | D:6      | Killed Menkaure
  4099 | D:6      | Found a hide-covered altar of Uskayaw.
  4270 | D:6      | Bought a +2 cloak of preservation for 301 gold pieces
  4620 | D:7      | Found a sparkling altar of Nemelex Xobeh.
  4708 | D:7      | Identified 3 scrolls of acquirement
  4708 | D:7      | Acquired the +2 kite shield of Demons {Rampage rN++ Str+4}
  4710 | D:7      | Acquired a manual of Axes
  4712 | D:7      | Acquired the amulet "Piaryw Suus" {Reflect rElec SH+5}
  4779 | D:7      | Noticed Duvessa
  4796 | D:7      | Killed Duvessa
  4855 | D:7      | Reached skill level 1 in Ranged Weapons
  4988 | D:7      | Noticed Dowan
  4990 | D:7      | Killed Dowan
  5114 | D:7      | Found a staircase to the Ecumenical Temple.
  5176 | D:7      | Noticed Prince Ribbit
  5179 | D:7      | Killed Prince Ribbit
  5180 | D:7      | Reached skill level 7 in Axes
  5556 | D:8      | Reached XP level 10. HP: 93/93 MP: 9/9
  5597 | D:8      | Noticed a cyclops
  5734 | D:8      | Killed a cyclops
  5735 | D:8      | Reached skill level 10 in Fighting
  5905 | D:8      | Reached skill level 8 in Axes
  6164 | D:8      | Reached **** piety under Trog
  6279 | D:8      | Found a staircase to the Lair.
  6717 | D:9      | Noticed an orange demon
  6885 | D:9      | Found a white marble altar of Elyvilon.
  7091 | D:9      | Noticed Harold
  7094 | D:9      | Reached skill level 9 in Axes
  7103 | D:9      | Killed Harold
  7235 | D:9      | Noticed Maurice
  7242 | D:9      | Killed Maurice
  7753 | D:10     | Entered Level 10 of the Dungeon
  7766 | D:10     | Reached XP level 11. HP: 101/101 MP: 10/10
  7799 | D:10     | Found a flagged portal.
  7820 | Bailey   | Entered a bailey
  7948 | Bailey   | Reached skill level 10 in Axes
  7948 | Bailey   | Reached skill level 5 in Evocations
  8041 | Bailey   | Noticed a two-headed ogre
  8049 | Bailey   | Killed a two-headed ogre
  8116 | Bailey   | Reached skill level 5 in Ranged Weapons
  8235 | D:10     | Noticed Psyche
  8243 | D:10     | Killed Psyche
  8443 | D:10     | Noticed Grum
  8453 | D:10     | Noticed Erica
  8773 | D:10     | Found a staircase to the Orcish Mines.
  8781 | D:10     | Killed Erica
  8867 | D:10     | Killed Grum
  8872 | D:10     | Noticed a two-headed ogre
  8878 | D:10     | Killed a two-headed ogre
  8879 | D:10     | Reached skill level 11 in Axes
  9300 | Orc:1    | Entered Level 1 of the Orcish Mines
  9493 | Orc:1    | Noticed an ettin
  9503 | Orc:1    | Killed an ettin
  9569 | Orc:2    | Entered Level 2 of the Orcish Mines
  9590 | Orc:2    | Noticed an orc sorcerer
  9596 | Orc:2    | Killed an orc sorcerer
  9597 | Orc:2    | Reached skill level 12 in Axes
  9679 | Orc:1    | Noticed Jorgrun
  9692 | Orc:1    | Killed Jorgrun
  9693 | Orc:1    | Reached XP level 12. HP: 112/112 MP: 11/11
 10022 | Orc:2    | Noticed a two-headed ogre
 10025 | Orc:2    | Killed a two-headed ogre
 10266 | Orc:2    | Found a staircase to the Elven Halls.
 10537 | Orc:2    | Reached skill level 13 in Axes
 11117 | Orc:2    | Reached skill level 14 in Axes
 11139 | Orc:2    | Found Fuich's Armour Boutique.
 11139 | Orc:2    | Found Jeczefa's Weapon Emporium.
 14275 | Orc:2    | Found Keluskou's General Store.
 14275 | Orc:2    | Found Buxudis's Antique Armour Emporium.
 14281 | Orc:2    | Bought a scarf of repulsion for 216 gold pieces
 14281 | Orc:2    | Bought a wand of mindburst (5) for 126 gold pieces
 14300 | Orc:2    | Bought a scorched tower shield for 389 gold pieces
 14300 | Orc:2    | Identified the +1 tower shield "Eruexiskai" {*Corrode Fly
                  | rN+++ Stlth+} (You bought it in a shop on level 2 of the
                  | Orcish Mines)
 14309 | Orc:2    | Bought a +0 broad axe of venom for 122 gold pieces
 14504 | Lair:1   | Entered Level 1 of the Lair of Beasts
 14514 | Lair:1   | Reached skill level 1 in Shields
 14602 | Lair:1   | Noticed Urug
 14610 | Lair:1   | Killed Urug
 15029 | Lair:1   | Reached XP level 13. HP: 112/122 MP: 12/12
 15075 | Lair:1   | Reached skill level 5 in Shields
 15075 | Lair:1   | Reached XP level 14. HP: 129/129 MP: 13/13
 15421 | Lair:1   | Noticed Sonja
 15446 | Lair:1   | Killed Sonja
 16024 | Lair:2   | Reached skill level 15 in Axes
 16096 | Lair:2   | You are sucked into a shaft and drop 1 floor!
 16448 | Lair:2   | Found a staircase to the Shoals.
 16935 | Lair:2   | Reached skill level 16 in Axes
 17568 | Lair:3   | Found a staircase to the Snake Pit.
 17769 | Orc:2    | Bought a +4 sling of flaming for 444 gold pieces
 18047 | Lair:3   | Noticed Amaemon
 18056 | Lair:3   | Killed Amaemon
 18258 | Lair:3   | Reached skill level 10 in Ranged Weapons
 18527 | Lair:3   | Found a runed translucent door.
 18544 | Lair:3   | Identified the +2 hat of the Iron Devil {Harm +Inv rC-
                  | Str-3}
 18646 | Lair:3   | Found a runed translucent gate.
 18646 | Lair:3   | Found a runed translucent gate.
 18646 | Lair:3   | Found a runed translucent gate.
 18646 | Lair:3   | Found a runed translucent gate.
 18647 | Lair:3   | Found a runed translucent gate.
 18648 | Lair:3   | Found a runed translucent gate.
 18934 | Lair:4   | Found a runed translucent gate.
 18934 | Lair:4   | Found a runed translucent gate.
 18934 | Lair:4   | Found a runed translucent gate.
 18949 | Lair:4   | Noticed drewk1942's ghost (journeyman OgGl)
 20006 | Lair:4   | HP: 6/198 [komodo dragon simulacrum (13)]
 20006 | Lair:4   | Slain by a komodo dragon simulacrum

Illustrated notes

Levels and vault maps discovered:
D:1:      tarquinn_simple_flora_water_f, layout_loops_ring, minmay_heptomino_h4
D:2:      cheibrodos_helix_gallery, layout_basic, lightli_corner_chamber,
          uniq_sigmund
D:3:      layout_basic, uniq_ijyb
D:4:      layout_loops_ring, minmay_misc_feat_five, st_stairs_11, uniq_edmund
D:5:      layout_loops_ring, okawaru_gym_becter, minmay_misc_feat_roman
D:6:      layout_rooms, mainiacjoe_overflow_alcove_2, minitemple,
          nicolae_inconvenience_store, amcnicky_mini_corridor_feature,
          uniq_menkaure
D:7:      layout_basic, mainiacjoe_overflow_surrounded_room,
          minmay_temple_entry_mist, glass_columns_b, uniq_prince_ribbit1,
          uniq_duvessa
D:8:      layout_loops_cross, erik_lair_orcish_takeover,
          chequers_serial_rivers_small_b
D:9:      layout_basic, mainiacjoe_overflow_tiny_flanked, uniq_harold,
          uniq_maurice
D:10:     layout_long_grid, david_orc_3, enter_bailey_3, uniq_erica, uniq_grum,
          uniq_psyche
Lair:1:   layout_loops_ring, ldierk_geyser, uniq_urug, uniq_sonja
Lair:2:   layout_cave_pods, elwin_shoals_entry_rooms, nzn_sisyphean_effort
Lair:3:   gammafunk_indiana_jones, layout_loops_ring,
          guppyfry_snake_entry_garden, dreamdust_wasp_nest, uniq_amaemon
Lair:4:   layout_roguey, gammafunk_ghost_icy, serial_bayou_pond_c
Orc:1:    layout_caves, uniq_jorgrun
Orc:2:    st_orc_town, layout_diamond_mine

Skill      XL: |  1  2  3  4  5  6  7  8  9 10 11 12 13 14 |
---------------+-------------------------------------------+-----
Axes           | 4 6 7 9 12 14 16 | 16.9
Fighting       | 4 5 6 7 8 9 10 12 13 14 | 14.0
Stealth        | 1 2 |  2.2
Polearms       | 1 4 7 9 11 13 14 | 14.4
Evocations     | 3 4 6 7 8 9 |  9.1
Ranged Weapons | 2 4 6 8 9 10 | 10.7
Shields        | 2 5 7 |  7.7
Throwing       | 2 4 |  4.9
Armour         | 4 |  4.0
Dodging        | |  2.1

Action                     |  1- 3 |  4- 6 |  7- 9 | 10-12 | 13-15 || total
---------------------------+-------+-------+-------+-------+-------++-------
  Melee: Hand axe          |    13 |       |       |       |       ||    13
         Headbutt          |    14 |     9 |    18 |    63 |    80 ||   184
         Short sword       |    67 |     1 |       |       |       ||    68
         Halberd           |       |    71 |   194 |   498 |   154 ||   917
         Broad axe         |       |       |       |    32 |   152 ||   184
   Fire: Sling             |       |     7 |    19 |     3 |    11 ||    40
         Shortbow          |       |       |     5 |    37 |       ||    42
         Arbalest          |       |       |       |   130 |    17 ||   147
  Throw: Stone             |     5 |       |       |       |       ||     5
         Throwing net      |     1 |       |       |       |       ||     1
         Boomerang         |       |       |     2 |    16 |    16 ||    34
         Dart              |       |       |     1 |       |       ||     1
         Javelin           |       |       |       |     3 |       ||     3
 Invoke: Berserk           |     2 |     2 |     3 |     8 |     5 ||    20
         Trog's Hand       |       |     4 |     7 |    27 |     8 ||    46
  Evoke: Wand              |       |       |     3 |    11 |    18 ||    32
         Box of beasts     |       |       |       |     1 |       ||     1
    Use: Scroll            |     4 |     2 |    11 |    11 |     6 ||    34
         Potion            |       |       |       |    12 |     2 ||    14
   Stab: Invisible         |       |       |     1 |     3 |       ||     4
         Paralysed         |       |       |       |     5 |     6 ||    11
 Armour: Animal skin       |     1 |       |       |       |       ||     1
         Scale mail        |    14 |       |       |       |       ||    14
         Ring mail         |     6 |     1 |       |       |       ||     7
         Plate armour      |       |    46 |    59 |   235 |   154 ||   494
  Dodge: Dodged            |    41 |    21 |    36 |   121 |    52 ||   271
         Repelled          |       |       |       |       |     1 ||     1
  Block: Other             |       |       |    10 |    72 |    25 ||   107
         Tower shield      |       |       |       |    39 |   141 ||   180
         Reflection        |       |       |       |     4 |     3 ||     7

Table legend: (Time is in decaauts)
 A = Elapsed time spent in this place.
 B = Non-inter-level travel time spent in this place.
 C = Inter-level travel time spent in this place.
 D = Time resting spent in this place.
 E = Time spent auto-exploring this place.
 F = Levels seen in this place.
 G = Mean time per level.
                   A        B        C        D        E       F      G
               +--------+--------+--------+--------+--------+-----+--------+
         Total |  20244 |  19152 |   1092 |   5873 |   9350 |  17 | 1190.8 |
       Dungeon |   9458 |   8847 |    611 |   1411 |   5680 |  10 |  945.8 |
          Lair |   5094 |   4844 |    250 |    887 |   3144 |   4 | 1273.5 |
  Orcish Mines |   5291 |   5061 |    230 |   3384 |    492 |   2 | 2645.5 |
        Bailey |    400 |    400 |      0 |    189 |     33 |   1 |  400.0 |
               +--------+--------+--------+--------+--------+-----+--------+

Top non-repeatable levels by time:
   Orc:2: 4650 daAuts
     D:8: 1557 daAuts
  Lair:2: 1474 daAuts
     D:9: 1354 daAuts
  Lair:3: 1275 daAuts
  Lair:1: 1195 daAuts
  Lair:4: 1149 daAuts
    D:10: 1076 daAuts
     D:7: 983 daAuts
     D:4: 843 daAuts
     D:2: 815 daAuts
     D:5: 777 daAuts
     D:1: 732 daAuts
     D:6: 661 daAuts
     D:3: 655 daAuts
